Map: Alcyone LE

Players

LiquidElazer (Elazer) - Winner!

  • Race: Zerg Zerg
  • Spawn Location: 7:00

HolyHit

  • Race: Protoss Protoss
  • Spawn Location: 1:00

Event: HomeStory Cup XXV

VOD

Have the link to the VOD?

Description

Time

  • Played on: June 22, 2024, 12:19 p.m.
  • Length: 15:47

All games in this series

Show
View Real Time Build Order
Export as new Build Order

LiquidElazer Zerg - Winner!

Build Orders: Hatch First, Lurkers 

Get SALT Encoding   

  12  0:00  Drone  
  13  0:12  Overlord  
  13  0:16  Drone  
  14  0:30  Drone x2  
  16  0:48  Hatchery  
  15  0:51  Drone  
  15  0:54  Drone  
  17  0:57  Drone  
  18  1:08  Extractor  
  17  1:12  Spawning Pool  
  17  1:15  Drone  
  17  1:19  Drone  
  18  1:28  Drone  
  19  1:38  Drone  
  20  1:50  Drone  
  21  1:59  Queen  
  21  2:00  Zergling x2, Queen  
  26  2:01  Overlord  
  26  2:12  Drone x2, Metabolic Boost  
  28  2:22  Drone x2  
  30  2:32  Hatchery  
  29  2:39  Queen  
  31  2:47  Drone x2  
  31  2:48  Overlord  
  33  2:55  Zergling x6  
  35  3:06  Queen, Overlord  
  35  3:10  Drone x3  
  40  3:19  Queen  
  40  3:21  Drone  
  40  3:25  Overlord  
  43  3:28  Drone x2  
  43  3:29  Drone  
  46  3:40  Drone x4  
  50  3:43  Spore Crawler  
  50  3:46  Drone x4  
  53  3:49  Overlord  
  53  3:53  Drone x2  
  55  3:58  Queen  
  57  4:04  Spore Crawler  
  57  4:05  Drone  
  57  4:08  Drone x3  
  57  4:09  Evolution Chamber  
  59  4:12  Drone x2  
  59  4:13  Drone  
  59  4:15  Overlord  
  62  4:19  Drone x3  
  65  4:28  Overlord  
  65  4:35  Spore Crawler  
  65  4:38  Drone x8, Overlord  
  73  4:40  Zerg Melee Weapons Level 1  
  73  4:48  Overlord  
  73  4:50  Zergling x6  
  74  4:54  Hatchery  
  74  4:55  Zergling x6  
  76  5:02  Extractor  
  76  5:03  Extractor  
  76  5:06  Roach Warren  
  73  5:08  Overlord  
  73  5:11  Overlord  
  72  5:16  Drone x10  
  72  5:19  Extractor  
  79  5:21  Overlord  
  79  5:25  Zergling x2  
  79  5:28  Spore Crawler  
  79  5:30  Drone x6  
  85  5:36  Overlord  
  85  5:37  Lair  
  85  5:41  Zergling x8  
  82  5:53  Overlord  
  82  5:56  Drone x5  
  83  6:03  Drone x3  
  83  6:04  Drone  
  83  6:07  Extractor  
  83  6:10  Drone x6  
  89  6:17  Overlord  
  89  6:18  Drone  
  89  6:19  Drone  
  89  6:22  Drone  
  91  6:27  Extractor  
  91  6:30  Spore Crawler  
  91  6:31  Drone x3  
  91  6:32  Overlord  
  92  6:35  Glial Reconstitution, Roach x7  
  92  6:36  Zerg Missile Weapons Level 1  
  106  6:41  Overlord  
  106  6:46  Overlord  
  106  6:47  Zergling x2  
  106  6:48  Zergling x6  
  106  6:51  Zergling x4  
  111  6:59  Zergling x2  
  111  7:00  Zergling x2, Infestation Pit  
  112  7:01  Overlord  
  112  7:02  Zergling x6  
  112  7:05  Zergling x8  
  119  7:09  Zergling x4  
  119  7:10  Overseer  
  120  7:16  Ravager  
  120  7:17  Zergling x12  
  127  7:24  Zergling x6  
  127  7:28  Overlord  
  129  7:32  Zergling x6  
  129  7:33  Zergling x12  
  129  7:36  Overlord  
  132  7:37  Hive  
  132  7:40  Drone x2  
  132  7:42  Drone  
  134  7:54  Overlord  
  133  8:02  Zergling x30  
  141  8:07  Zergling x2  
  141  8:09  Overlord  
  141  8:10  Hydralisk Den  
  136  8:15  Zergling x4  
  136  8:16  Zergling x4  
  136  8:18  Hatchery  
  136  8:19  Zergling x6  
  134  8:24  Zergling x6  
  124  8:29  Zergling x18  
  124  8:33  Zergling x2  
  128  8:38  Extractor  
  128  8:40  Drone x2, Extractor  
  125  8:42  Drone x5  
  125  8:48  Hydralisk  
  130  8:49  Grooved Spines  
  130  8:51  Zerg Missile Weapons Level 2, Lurker Den  
  130  8:53  Hydralisk x6  
  142  8:59  Hydralisk x6  
  142  9:02  Overlord  
  154  9:04  Spine Crawler  
  154  9:09  Hydralisk  
  153  9:10  Hydralisk x4  
  153  9:12  Overlord  
  153  9:14  Drone  
  164  9:23  Drone x6  
  170  9:30  Overlord  
  163  9:31  Drone x4  
  163  9:32  Drone  
  163  9:35  Zergling x10  
  172  9:40  Muscular Augments  
  172  9:46  Drone  
  172  9:47  Drone x4  
  172  9:50  Spore Crawler, Nydus Network  
  172  9:51  Lurker x5, Seismic Spines, Extractor  
  172  9:52  Lurker x2  
  169  10:00  Drone x2  
  169  10:01  Drone  
  169  10:04  Spine Crawler, Drone x5  
  169  10:05  Spine Crawler, Drone  
  176  10:07  Spine Crawler  
  175  10:17  Spine Crawler  
  175  10:18  Spine Crawler  
  175  10:19  Spine Crawler  
  175  10:20  Lurker x11  
  183  10:21  Spine Crawler  
  182  10:29  Hydralisk x4  
  190  10:43  Overseer, Pneumatized Carapace  
  190  10:44  Overseer x2  
  190  10:48  Adaptive Talons  
  189  10:54  Hydralisk x4  
  194  11:04  Zergling x12  
  194  11:07  Zerg Melee Weapons Level 2  
  197  11:24  Nydus Canal  
  187  11:28  Spine Crawler x2, Drone x4  
  187  11:29  Spine Crawler, Hydralisk  
  187  11:30  Hydralisk x4  
  198  11:42  Nydus Canal  
  188  11:51  Overseer  
  188  11:52  Spire  
  188  11:53  Zergling x30  
  200  11:58  Overseer  
  200  12:05  Nydus Canal  
  199  12:13  Zergling x2  
  200  12:16  Evolution Chamber  
  200  12:17  Spine Crawler  
  200  12:18  Spine Crawler  
  200  12:21  Nydus Canal  
  180  12:39  Nydus Canal  
  171  12:47  Hydralisk x5  
  171  12:49  Zergling x20  
  189  12:57  Lurker x8  
  162  13:28  Hydralisk x19  
  185  13:37  Zergling x20  
  185  13:38  Hatchery  
  185  13:39  Nydus Canal  
  193  13:46  Hatchery  
  192  13:50  Hydralisk x4  
  174  14:04  Hydralisk x15  
  174  14:09  Drone x3  
  199  14:18  Zergling x2  
  200  14:33  Nydus Canal  
  200  14:50  Nydus Canal  
  194  15:09  Nydus Canal  
  190  15:16  Zergling x18  
  193  15:29  Overseer  
  193  15:37  Lurker x6  
Show
View Real Time Build Order
Export as new Build Order

HolyHit Protoss 

Build Orders: 1 Gate Expand, Oracle Opening, Archon Immortal 

Get SALT Encoding   

  12  0:00  Probe  
  13  0:12  Probe  
  14  0:18  Pylon  
  14  0:24  Probe (Chrono Boost)  
  15  0:36  Probe (Chrono Boost)  
  15  0:39  Gateway  
  16  0:45  Probe (Chrono Boost)  
  16  0:48  Assimilator  
  17  0:51  Probe  
  18  1:03  Probe  
  19  1:15  Probe  
  20  1:24  Nexus  
  20  1:34  Cybernetics Core  
  20  1:37  Probe  
  21  1:43  Assimilator  
  21  1:49  Probe  
  21  1:51  Pylon  
  22  2:01  Probe  
  23  2:07  Adept (Chrono Boost)  
  23  2:13  Probe  
  26  2:21  Stargate  
  26  2:25  Probe  
  26  2:28  Adept (Chrono Boost)  
  27  2:36  Warp Gate  
  29  2:37  Probe (Chrono Boost)  
  29  2:43  Probe (Chrono Boost)  
  31  2:46  Probe (Chrono Boost)  
  31  2:50  Stalker, Probe (Chrono Boost)  
  35  2:51  Probe (Chrono Boost)  
  36  3:01  Probe  
  36  3:03  Probe  
  38  3:10  Oracle (Chrono Boost)  
  38  3:13  Probe  
  38  3:15  Probe  
  38  3:16  Pylon  
  43  3:25  Gateway  
  43  3:26  Probe  
  44  3:27  Probe  
  45  3:37  Oracle (Chrono Boost)  
  45  3:38  Probe  
  45  3:40  Probe  
  50  3:50  Probe  
  50  3:52  Probe  
  52  3:56  Nexus  
  52  4:00  Pylon  
  52  4:02  Probe  
  53  4:04  Probe  
  53  4:08  Assimilator  
  54  4:10  Assimilator  
  54  4:17  Oracle (Chrono Boost)  
  54  4:20  Probe  
  54  4:22  Pylon, Probe  
  59  4:28  Twilight Council  
  59  4:31  Forge  
  59  4:32  Probe  
  59  4:34  Probe  
  61  4:41  Adept  
  61  4:42  Adept  
  61  4:44  Shield Battery, Probe  
  66  4:46  Probe  
  67  4:56  Robotics Facility  
  67  4:58  Probe (Chrono Boost)  
  69  5:00  Probe (Chrono Boost)  
  69  5:08  Probe (Chrono Boost)  
  69  5:10  Adept x2  
  69  5:11  Blink (Chrono Boost), Probe (Chrono Boost)  
  75  5:17  Protoss Ground Weapons Level 1 (Chrono Boost)  
  75  5:20  Probe (Chrono Boost)  
  77  5:23  Probe (Chrono Boost)  
  77  5:28  Gateway x2, Probe (Chrono Boost)  
  78  5:31  Probe (Chrono Boost)  
  78  5:34  Probe (Chrono Boost)  
  81  5:36  Probe (Chrono Boost)  
  81  5:38  Probe  
  81  5:41  Stalker  
  82  5:43  Probe  
  82  5:45  Assimilator  
  82  5:47  Probe  
  82  5:49  Assimilator  
  80  5:50  Probe  
  80  5:55  Stalker, Probe  
  84  5:59  Probe  
  84  6:01  Pylon  
  84  6:03  Observer (Chrono Boost), Pylon  
  80  6:04  Gateway  
  80  6:05  Gateway  
  80  6:08  Pylon  
  80  6:12  Warp Prism (Chrono Boost)  
  80  6:13  Pylon  
  80  6:15  Stalker, Shield Battery  
  84  6:18  Probe  
  84  6:19  Probe x2  
  84  6:22  Stalker x2  
  91  6:29  Stalker, Templar Archives  
  93  6:35  Probe  
  93  6:36  Pylon  
  94  6:41  Stalker  
  94  6:43  Probe  
  94  6:44  Probe  
  98  6:57  Stalker x3  
  104  7:02  Nexus  
  104  7:03  Charge (Chrono Boost)  
  104  7:07  Immortal  
  108  7:13  Protoss Ground Weapons Level 2, Probe  
  109  7:23  Psionic Storm  
  109  7:26  Shield Battery  
  109  7:28  Photon Cannon  
  109  7:29  Robotics Facility  
  109  7:32  Probe  
  110  7:41  High Templar x3  
  110  7:42  High Templar  
  110  7:43  Probe x2  
  120  7:48  Assimilator, Shield Battery  
  120  7:49  Photon Cannon  
  120  7:52  Gateway, Archon  
  120  7:53  Assimilator, Archon  
  120  7:56  Zealot x2  
  110  8:05  Immortal (Chrono Boost)  
  110  8:12  Gateway  
  100  8:14  Gateway  
  100  8:17  Zealot  
  100  8:18  Zealot x5  
  94  8:36  Probe x3  
  97  8:43  High Templar x5  
  97  8:48  Probe x2  
  109  8:53  Photon Cannon  
  109  8:54  Immortal (Chrono Boost)  
  113  8:55  Photon Cannon  
  113  8:58  Probe x2  
  113  9:00  Probe x2  
  117  9:06  Photon Cannon  
  117  9:07  Photon Cannon  
  117  9:09  Shield Battery, Immortal (Chrono Boost)  
  121  9:23  Forge, Probe  
  116  9:33  High Templar x3  
  116  9:34  High Templar  
  116  9:36  Immortal (Chrono Boost)  
  116  9:38  Photon Cannon  
  122  9:41  Archon x2  
  122  9:44  Immortal (Chrono Boost)  
  122  9:45  Robotics Facility, Probe x2  
  127  9:46  Probe  
  129  9:54  Zealot  
  125  10:00  Immortal  
  129  10:07  Probe x3  
  132  10:15  Zealot x3  
  132  10:20  Zealot, Protoss Ground Weapons Level 3 (Chrono Boost)  
  140  10:24  Pylon  
  140  10:25  Pylon  
  140  10:27  Pylon  
  140  10:28  Protoss Shields Level 1 (Chrono Boost)  
  139  10:39  Pylon  
  139  10:40  Pylon  
  139  10:42  Immortal  
  143  10:43  Immortal  
  143  10:45  Zealot x3  
  150  11:02  Oracle  
  153  11:09  Zealot x6  
  153  11:10  Zealot  
  165  11:21  Immortal  
  155  11:29  Zealot x3  
  155  11:30  Zealot  
  155  11:36  Nexus  
  155  11:38  Zealot  
  156  11:48  Immortal  
  156  11:53  Zealot x4  
  168  11:56  High Templar x4  
  168  12:01  Immortal  
  180  12:05  Archon x2  
  176  12:10  Immortal  
  170  12:28  Zealot x5, Immortal  
  180  12:30  Pylon  
  180  12:33  Protoss Shields Level 2 (Chrono Boost), Pylon x2  
  165  12:40  Zealot x4, Immortal  
  172  12:55  High Templar x5  
  172  12:58  Immortal  
  182  13:02  Zealot  
  172  13:09  Zealot x3  
  170  13:17  Immortal  
  169  13:29  Zealot x4  
  169  13:32  Zealot x5  
  142  13:36  Immortal  
  128  13:41  Immortal (Chrono Boost)  
  122  13:50  Zealot x3  
  123  13:56  Observer  
  104  14:11  Warp Prism (Chrono Boost), High Templar x7  
  104  14:16  Observer (Chrono Boost)  
  117  14:20  Archon x2  
  117  14:25  Observer (Chrono Boost)  
  117  14:27  High Templar x2  
  117  14:31  Observer (Chrono Boost)  
  122  14:36  Observer, Nexus  
  124  14:48  High Templar x6  
  135  14:53  Archon x2  
  135  14:55  Zealot  
  130  15:00  Zealot x2  
  124  15:25  Zealot x3  
  124  15:26  Zealot  
  132  15:33  Zealot x4  
  102  15:45  Zealot  
Tags
 
Add a new tag
Caveats
  • Supply blocks, unpowered buildings, or Contaminate may cause inaccurate times.
  • Supply counts are checked every 10 seconds.